 Dungeon Crawl Stone Soup version 0.25-a0-435-g4b9beb1024 (webtiles) character file.

Game seed: 2210038084848956121, levelgen mode: deterministic

31556 Defined the Destroyer (level 13, -4/98 HPs)
             Began as a Gnoll Conjurer on Jan 29, 2020.
             Was an Elder of Ashenzari.
             Slain by a spiny frog (7 damage)
             ... on level 5 of the Lair of Beasts on Jan 30, 2020.
             The game lasted 01:16:12 (20124 turns).

Defined the Destroyer (Gnoll Conjurer)             Turns: 20124, Time: 01:16:15

Health: -4/98      AC: 20    Str: 11    XL:     13   Next: 58%
Magic:  18/26      EV: 15    Int: 23    God:    Ashenzari [****..]
Gold:   517        SH:  0    Dex: 15    Spells: 11/31 levels left

rFire    . . .     SeeInvis +   t - +9 hand axe (venom) (curse)
rCold    . . .     Gourm    .   (no shield)
rNeg     . . .     Faith    .   x - +1 scale mail {MR+}
rPois    .         Spirit   .   j - +2 helmet (curse)
rElec    .         Reflect  .   v - +2 cloak (curse)
rCorr    .         Harm     .   (no gloves)
MR       ++...     Clarity  +   C - +2 pair of boots (curse)
Stlth    +++.......             (no amulet)
HPRegen  0.26/turn              a - ring of wizardry (curse)
MPRegen  0.20/turn              N - ring of protection from magic (curse)

@: lethally poisoned (-4 -> -19), lightly drained
A: distributed training, fangs 1, strong nose
a: Curse Item, Scrying, Renounce Religion


You were on level 5 of the Lair of Beasts.
You worshipped Ashenzari.
Ashenzari was greatly pleased with you.
You were not hungry.

You visited 2 branches of the dungeon, and saw 16 of its levels.
You also visited: Sewer and Ossuary.

You collected 873 gold pieces.
You spent 356 gold pieces at shops.

Inventory:

Hand Weapons
 t - a cursed +9 hand axe of venom (weapon)
Missiles
 f - 4 atropa-tipped darts
 n - 38 poisoned darts (quivered)
 K - 3 boomerangs of dispersal
Armour
 h - +0 steam dragon scales
 j - a cursed +2 helmet (worn)
 q - a +0 troll leather armour
 v - a cursed +2 cloak (worn)
 x - a +1 scale mail of magic resistance (worn)
 A - a +2 hat
 C - a cursed +2 pair of boots (worn)
Jewellery
 a - a cursed ring of wizardry (left hand)
 d - a +5 ring of intelligence
 i - a +5 ring of strength
 H - an uncursed ring of ice
 N - a cursed ring of protection from magic (right hand)
Wands
 b - a wand of iceblast (20)
 l - a wand of flame (26)
 y - a wand of polymorph (6)
Scrolls
 p - 6 scrolls of enchant armour
 s - 2 scrolls of fear
 u - 11 scrolls of teleportation
 D - 2 scrolls of immolation
 E - 3 scrolls of fog
 F - a scroll of holy word
 I - 2 scrolls of silence
 L - a scroll of remove curse
 M - a scroll of vulnerability
 P - a scroll of noise {unknown}
 Q - a scroll of amnesia {unknown}
Potions
 e - 5 potions of magic
 g - 2 potions of resistance
 k - 2 potions of heal wounds
 m - 14 potions of curing
 r - a potion of mutation
 w - 2 potions of ambrosia
 z - a potion of cancellation
 B - 3 potions of haste
 J - 2 potions of might
 O - a potion of agility
Miscellaneous
 o - a box of beasts
Comestibles
 c - 15 rations
 R - a chunk of flesh


   Skills:
 + Level 8.3(7.7) Fighting
 + Level 8.3(7.7) Short Blades
 + Level 8.3(7.7) Long Blades
 + Level 8.3(11.1) Axes
 + Level 8.3(7.7) Maces & Flails
 + Level 8.3(7.7) Polearms
 + Level 8.3(7.7) Staves
 + Level 8.3(7.7) Slings
 + Level 8.3(7.7) Bows
 + Level 8.3(7.7) Crossbows
 + Level 8.3(7.7) Throwing
 + Level 8.3(10.0) Armour
 + Level 9.5(11.1) Dodging
 + Level 9.3(8.8) Stealth
 + Level 8.3(7.7) Shields
 + Level 8.3(7.7) Unarmed Combat
 + Level 9.7(9.1) Spellcasting
 + Level 9.9(11.5) Conjurations
 + Level 6.9(8.7) Hexes
 + Level 6.9(8.7) Charms
 + Level 6.9(8.7) Summonings
 + Level 6.9(8.7) Necromancy
 + Level 6.9(8.7) Translocations
 + Level 6.9(8.7) Transmutations
 + Level 6.9(8.7) Fire Magic
 + Level 6.9(8.7) Ice Magic
 + Level 6.9(8.7) Air Magic
 + Level 6.9(8.7) Earth Magic
 + Level 6.9(8.7) Poison Magic
 + Level 9.1(8.5) Invocations
 + Level 8.3(10.0) Evocations


You had 11 spell levels left.
You knew the following spells:

 Your Spells              Type           Power        Failure   Level  Hunger
a - Magic Dart            Conj           ####         1%          1    None
b - Searing Ray           Conj           ######       1%          2    None
c - Fulminant Prism       Conj/Hex       ######....   1%          4    ##.....
d - Animate Skeleton      Necr           N/A          1%          1    None
e - Mephitic Cloud        Conj/Pois/Air  ######..     1%          3    None
f - Poisonous Vapours     Pois/Air       ######       1%          2    None
g - Ignite Poison         Fire/Tmut/Pois ######..     1%          3    None
h - Iskenderun's Mystic   Conj/Tloc      ######..     1%          4    ##.....

Your spell library contained the following spells:

 Spells                   Type           Power        Failure   Level  Hunger
 Apportation              Tloc           ######       1%          1    None
 Corona                   Hex            ######.      1%          1    None
 Sting                    Tmut/Pois      ####         1%          1    None
 Summon Small Mammal      Summ           ####         1%          1    None
 Ensorcelled Hibernation  Hex/Ice        ######       1%          2    None
 Confusing Touch          Hex            ######..     1%          3    None
 Dazzling Flash           Conj/Hex       ######       1%          3    None
 Tukima's Dance           Hex            ######..     1%          3    None
 Ice Form                 Ice/Tmut       ######..     2%          4    ##.....
 Olgreb's Toxic Radiance  Pois           ######..     2%          4    ##.....
 Metabolic Englaciation   Hex/Ice        ######....   9%          5    ####...
 Freezing Cloud           Conj/Ice/Air   ######....   28%         6    ######.
 Ozocubu's Refrigeration  Ice            ######....   38%         6    ######.
 Simulacrum               Ice/Necr       ######....   38%         6    ######.


Dungeon Overview and Level Annotations

Branches:
Dungeon (11/15)            Temple (0/1) D:6            Lair (5/6) D:11
 Shoals (0/4) Lair:3       Spider (0/4) Lair:2        Slime (0/5) Lair:5
    Orc (0/2) D:11          Sewer (visited)         Ossuary (visited)

Altars:
Ashenzari
Makhleb
Qazlal
Wu Jian
Beogh

Shops:
D:7 ?

Annotations:
Lair:1 exclusion: oklob plant
Lair:2 exclusion: oklob plant
Lair:4 2 transporters, Doschamyxt's ghost, journeyman MfGl


Innate Abilities, Weirdness & Mutations

Your experience applies equally to all skills.
You have very sharp teeth.
Your uncanny sense of smell can sniff out nearby items.


Message History

The eight-headed hydra bites you but does no damage.
The spiny frog closely misses you.
The searing ray hits the eight-headed hydra!
The eight-headed hydra is almost dead.
The spiny frog stings you but does no damage.
The eight-headed hydra closely misses you.
The eight-headed hydra bites you but does no damage. x2
The eight-headed hydra bites you.
* * * LOW HITPOINT WARNING * * *
The eight-headed hydra misses you. The eight-headed hydra bites you.
* * * LOW HITPOINT WARNING * * *
The eight-headed hydra bites you but does no damage.
The eight-headed hydra completely misses you.
The searing ray hits the eight-headed hydra!
You kill the eight-headed hydra!
The spiny frog stings you!
* * * LOW HITPOINT WARNING * * *
You are lethally poisoned!
The spiny frog poisons you! The spiny frog stings you!
You die...

***,,....P...,,,,,,,,,,
##,..#....,,,,**,,,*,
####.##.....,,,***,,,***
*#..........###***,,,,,*
*********.............# **,,,**
**,,**,*,.............# *,,,,*
*
*,,*,,,,,..P.........#****,,,**
* ,,,,,,,,,*#P....<....#
*,,,,,* *
,,,,*,,,**#P....@....#**,*,,**
,,,,,,*** ###P..F.....#**,,**
,,,,,,* ##..........**,**
,,,,,,* ####......#*,,,*****
,,,,,** *******.#..###,,,***,,*
,,,,,,* ***,,*,**#####
**,,,,,,,, ,,,,,,***,,,,,,,**
**,,,,,,,,, ,,,,****,,,,,,,,,*
*,,,,,,,,,, ,,,,,**,,,,,,,,,***
**,,,,,,,,,,


You could see a spiny frog.

Vanquished Creatures
  Fannar (D:11)
  5 hydras
  Harold (D:8)
  Nergalle (Lair:4)
  A necromancer (Lair:3)
  An ugly thing (D:11)
  4 black mambas
  A manticore (Lair:4)
  A merfolk siren (Lair:3)
  6 spiny frogs
  A centaur skeleton (D:10)
  A molten gargoyle (Lair:2)
  3 komodo dragons
  5 rime drakes
  2 trolls
  A polar bear (Lair:1)
  A queen bee (D:8)
  Grinder (D:3)
  12 hippogriffs
  4 redbacks (Lair:2)
  6 wyverns
  20 yaks
  2 fire bats (Lair:2)
  4 basilisks (Lair:4)
  A steam dragon (D:10)
  Menkaure (D:7)
  A soldier ant (D:10)
  An acid dragon (D:11)
  6 water moccasins
  4 porcupines
  5 orc warriors
  2 ice beasts (D:7)
  2 black bears
  2 sky beasts
  3 phantoms
  6 ogres
  5 wolves (Lair:3)
  10 centaurs
  4 crocodiles
  7 big kobolds
  A gnoll sergeant (D:10)
  11 bullfrogs
  2 scorpions
  20 killer bees
  8 wights
  6 howler monkeys
  3 electric eels (Lair:2)
  4 crimson imps
  2 bullfrog zombies
  2 quasits (D:7)
  2 centaur zombies
  2 jellies
  10 orc priests
  2 human zombies
  4 hounds
  2 iguanas
  Jessica (D:2)
  A bullfrog skeleton (D:8)
  Ijyb (D:3)
  Terence (D:3)
  9 orc wizards
  A human skeleton (D:6)
  12 worker ants
  4 yak simulacra (Lair:3)
  2 killer bee zombies
  5 wolf simulacra (Lair:3)
  3 hound zombies (Ossuary)
  A hound skeleton (D:4)
  4 mummies (Ossuary)
  A worker ant zombie (D:5)
  Robin (D:3)
  15 adders
  11 gnolls
  A river rat (Sewer)
  4 shadow imps
  5 oozes
  An adder skeleton (D:9)
  An adder zombie (D:5)
  6 worms
  2 dart slugs
  5 leopard geckos
  52 orcs
  5 giant cockroaches
  23 goblins
  7 hobgoblins
  9 jackals
  5 quokkas
  8 ball pythons
  5 bats
  5 frilled lizards
  3 hobgoblin zombies (Ossuary)
  15 kobolds
  3 orc zombies
  A quokka skeleton (D:5)
  10 rats
  3 rat zombies (Ossuary)
  2 river rat simulacra (Lair:3)
  A fungus (Lair:4)
  3 plants
484 creatures vanquished.

Vanquished Creatures (collateral kills)
  A centaur (D:11)
  An elf skeleton (D:6)
  A scorpion (D:6)
  2 crimson imps
  2 bullfrog zombies (D:6)
  A bullfrog skeleton (D:10)
  A centaur zombie (D:11)
  A human skeleton (D:6)
  2 shadow imps (D:7)
  An orc zombie (D:6)
13 creatures vanquished.

Vanquished Creatures (others)
  29 fulminant prisms
  9 fungi
  3 plants (Lair:2)
41 creatures vanquished.

Grand Total: 538 creatures vanquished

Notes
Turn   | Place    | Note
-------+----------+-------------------------------------------
     0 | D:1      | Defined the Gnoll Conjurer began the quest for the Orb.
     0 | D:1      | Reached XP level 1. HP: 13/13 MP: 6/6
    11 | D:1      | Reached XP level 2. HP: 20/20 MP: 1/7
   197 | D:1      | Reached XP level 3. HP: 25/25 MP: 6/9
   206 | D:1      | Reached skill level 5 in Spellcasting
   436 | D:2      | Learned a level 2 spell: Searing Ray
   446 | D:2      | Noticed Jessica
   449 | D:2      | Killed Jessica
   449 | D:2      | Reached skill level 1 in Fighting
   449 | D:2      | Reached skill level 1 in Short Blades
   449 | D:2      | Reached skill level 1 in Long Blades
   449 | D:2      | Reached skill level 1 in Axes
   449 | D:2      | Reached skill level 1 in Maces & Flails
   449 | D:2      | Reached skill level 1 in Polearms
   449 | D:2      | Reached skill level 1 in Staves
   449 | D:2      | Reached skill level 1 in Slings
   449 | D:2      | Reached skill level 1 in Bows
   449 | D:2      | Reached skill level 1 in Crossbows
   449 | D:2      | Reached skill level 1 in Throwing
   449 | D:2      | Reached skill level 1 in Armour
   449 | D:2      | Reached skill level 1 in Shields
   449 | D:2      | Reached skill level 1 in Unarmed Combat
   449 | D:2      | Reached skill level 1 in Invocations
   449 | D:2      | Reached skill level 1 in Evocations
   449 | D:2      | Reached XP level 4. HP: 32/32 MP: 8/11
   459 | D:2      | Learned a level 4 spell: Fulminant Prism
   591 | D:2      | Reached skill level 1 in Hexes
   591 | D:2      | Reached skill level 1 in Charms
   591 | D:2      | Reached skill level 1 in Summonings
   591 | D:2      | Reached skill level 1 in Necromancy
   591 | D:2      | Reached skill level 1 in Translocations
   591 | D:2      | Reached skill level 1 in Transmutations
   591 | D:2      | Reached skill level 1 in Fire Magic
   591 | D:2      | Reached skill level 1 in Ice Magic
   591 | D:2      | Reached skill level 1 in Air Magic
   591 | D:2      | Reached skill level 1 in Earth Magic
   591 | D:2      | Reached skill level 1 in Poison Magic
   591 | D:2      | Reached XP level 5. HP: 12/37 MP: 8/12
  1589 | D:3      | Noticed Terence
  1593 | D:3      | Reached XP level 6. HP: 43/44 MP: 9/13
  1601 | D:3      | Killed Terence
  1621 | D:3      | Found a glowing drain.
  1645 | Sewer    | Entered a sewer
  1708 | Sewer    | Reached skill level 5 in Dodging
  1749 | Sewer    | Reached XP level 7. HP: 44/50 MP: 9/15
  2584 | Sewer    | Reached skill level 5 in Stealth
  2700 | D:3      | Noticed Grinder
  2716 | D:3      | Killed Grinder
  2716 | D:3      | Reached XP level 8. HP: 45/57 MP: 6/16
  3222 | D:3      | Noticed Ijyb
  3244 | D:3      | Killed Ijyb
  3437 | D:3      | Noticed Robin
  3445 | D:3      | Killed Robin
  3813 | D:5      | Entered Level 5 of the Dungeon
  4325 | D:4      | Learned a level 1 spell: Animate Skeleton
  5004 | D:5      | Reached XP level 9. HP: 65/65 MP: 7/18
  5215 | D:6      | Found a stormy altar of Qazlal.
  5296 | D:6      | Found a staircase to the Ecumenical Temple.
  5334 | D:6      | Found a burning altar of Makhleb.
  5395 | D:6      | Found a sand-covered staircase.
  5431 | Ossuary  | Entered an ossuary
  6691 | D:6      | Found a shattered altar of Ashenzari.
  6702 | D:6      | Became a worshipper of Ashenzari the Shackled
  6771 | D:6      | Found an ornate altar of the Wu Jian Council.
  6945 | D:7      | Found Miananot's Magic Scroll Shop.
  6958 | D:7      | Bought a scroll of fear for 45 gold pieces
  6958 | D:7      | Bought a scroll of identify for 26 gold pieces
  6958 | D:7      | Bought a scroll of enchant armour for 97 gold pieces
  6958 | D:7      | Bought a scroll of random uselessness for 13 gold pieces
  6958 | D:7      | Bought a scroll of enchant weapon for 97 gold pieces
  6958 | D:7      | Bought a scroll of teleportation for 39 gold pieces
  6958 | D:7      | Bought a scroll of remove curse for 39 gold pieces
  6980 | D:7      | Noticed Menkaure
  6986 | D:7      | Killed Menkaure
  7088 | D:7      | Reached skill level 5 in Invocations
  7340 | D:7      | Reached XP level 10. HP: 56/73 MP: 20/20
  8492 | D:7      | Reached skill level 5 in Fighting
  8492 | D:7      | Reached skill level 5 in Short Blades
  8492 | D:7      | Reached skill level 5 in Long Blades
  8492 | D:7      | Reached skill level 5 in Axes
  8492 | D:7      | Reached skill level 5 in Maces & Flails
  8492 | D:7      | Reached skill level 5 in Polearms
  8492 | D:7      | Reached skill level 5 in Staves
  8492 | D:7      | Reached skill level 5 in Slings
  8492 | D:7      | Reached skill level 5 in Bows
  8492 | D:7      | Reached skill level 5 in Crossbows
  8492 | D:7      | Reached skill level 5 in Throwing
  8492 | D:7      | Reached skill level 5 in Armour
  8492 | D:7      | Reached skill level 5 in Shields
  8492 | D:7      | Reached skill level 5 in Unarmed Combat
  8492 | D:7      | Reached skill level 5 in Evocations
  8801 | D:8      | Noticed Harold
  8821 | D:8      | Killed Harold
  9047 | D:8      | Reached * piety under Ashenzari
  9658 | D:9      | Reached XP level 11. HP: 44/81 MP: 20/22
 10879 | D:10     | Entered Level 10 of the Dungeon
 11037 | D:10     | Reached skill level 5 in Hexes
 11037 | D:10     | Reached skill level 5 in Charms
 11037 | D:10     | Reached skill level 5 in Summonings
 11037 | D:10     | Reached skill level 5 in Necromancy
 11037 | D:10     | Reached skill level 5 in Translocations
 11037 | D:10     | Reached skill level 5 in Transmutations
 11037 | D:10     | Reached skill level 5 in Fire Magic
 11037 | D:10     | Reached skill level 5 in Ice Magic
 11037 | D:10     | Reached skill level 5 in Air Magic
 11037 | D:10     | Reached skill level 5 in Earth Magic
 11037 | D:10     | Reached skill level 5 in Poison Magic
 11270 | D:10     | Reached ** piety under Ashenzari
 11629 | D:10     | Learned a level 3 spell: Mephitic Cloud
 11632 | D:10     | Learned a level 2 spell: Poisonous Vapours
 11636 | D:10     | Learned a level 3 spell: Ignite Poison
 12618 | D:11     | Noticed Fannar
 12623 | D:11     | Killed Fannar
 12982 | D:11     | Noticed a red ugly thing
 13005 | D:11     | Killed a red ugly thing
 13219 | D:11     | Reached XP level 12. HP: 82/89 MP: 11/24
 13252 | D:11     | Found a roughly hewn altar of Beogh.
 13252 | D:11     | Found a staircase to the Orcish Mines.
 13431 | D:11     | Found a staircase to the Lair.
 13700 | Lair:1   | Entered Level 1 of the Lair of Beasts
 14048 | Lair:1   | Reached *** piety under Ashenzari
 14797 | Lair:2   | Noticed an eight-headed hydra
 14942 | Lair:1   | Learned a level 4 spell: Iskenderun's Mystic Blast
 14996 | Lair:2   | Found a hole to the Spider Nest.
 15505 | Lair:2   | HP: 4/91 [ten-headed hydra (7)]
 16182 | Lair:2   | Killed a ten-headed hydra
 16741 | Lair:3   | Noticed a six-headed hydra
 16753 | Lair:3   | Killed a six-headed hydra
 17578 | Lair:3   | Reached XP level 13. HP: 57/98 MP: 18/26
 17858 | Lair:3   | Reached **** piety under Ashenzari
 18187 | Lair:3   | Found a staircase to the Shoals.
 18834 | Lair:4   | Found a transporter.
 18835 | Lair:4   | Found a transporter.
 18912 | Lair:4   | Noticed Doschamyxt's ghost (journeyman MfGl)
 19881 | Lair:4   | Noticed Nergalle
 19892 | Lair:4   | Killed Nergalle
 20124 | Lair:5   | HP: 3/98 [spiny frog (15)]
 20124 | Lair:5   | Slain by a spiny frog

Levels and vault maps discovered:
D:1:      scummos_arrival_checkerplants, layout_rooms
D:2:      layout_loops_corners, uniq_jessica
D:3:      kennysheep_the_goblin_king, layout_loops_ring, first_ration,
          cheibrodos_sewer_entry_drain, uniq_terence, uniq_robin, uniq_grinder
D:4:      layout_loops_corners
D:5:      layout_basic, chequers_serial_rivers_small_a
D:6:      layout_cave_pools, lemuel_crystal_altar, minitemple,
          lemuel_coloured_pillars_altar, temple_fountains,
          nicolae_ossuary_entry_catacombs, kennysheep_generic_room_12
D:7:      layout_layer_cave, serial_shops, shop, kennysheep_generic_room_9,
          uniq_menkaure
D:8:      layout_cave_pods, david_nohive_1, uniq_harold
D:9:      layout_big_octagon
D:10:     layout_basic
D:11:     layout_gridville, grunt_lair_entry_orc_guard_hut, david_orc_5,
          minmay_door_square, serial_bayou_pond_c, minmay_curled_crystal,
          uniq_fannar
Lair:1:   minmay_lair_oklob_tunnel, layout_misc_corridors
Lair:2:   layout_gridlike, spider_nest_entry_webs, minmay_lair_oklob_chamber
Lair:3:   layout_chaotic_city, minmay_shoals_entry_lonely_mermaid,
          eino_house_with_fridge
Lair:4:   layout_roguey [special_room_mythical_zoo], gammafunk_ghost_hive,
          uniq_nergalle
Lair:5:   layout_cave_pods, slime_altar_1, portal_ice_cave_entry_ice_beasts

Skill      XL: |  1  2  3  4  5  6  7  8  9 10 11 12 13 |
---------------+----------------------------------------+-----
Spellcasting   | 5 6 7 8 9 |  9.7
Fighting       | 1 2 3 4 5 6 7 8 |  8.3
Short Blades   | 1 2 3 4 5 6 7 8 |  8.3
Long Blades    | 1 2 3 4 5 6 7 8 |  8.3
Axes           | 1 2 3 4 5 6 7 8 |  8.3
Maces & Flails | 1 2 3 4 5 6 7 8 |  8.3
Polearms       | 1 2 3 4 5 6 7 8 |  8.3
Staves         | 1 2 3 4 5 6 7 8 |  8.3
Slings         | 1 2 3 4 5 6 7 8 |  8.3
Bows           | 1 2 3 4 5 6 7 8 |  8.3
Crossbows      | 1 2 3 4 5 6 7 8 |  8.3
Throwing       | 1 2 3 4 5 6 7 8 |  8.3
Armour         | 1 2 3 4 5 6 7 8 |  8.3
Shields        | 1 2 3 4 5 6 7 8 |  8.3
Unarmed Combat | 1 2 3 4 5 6 7 8 |  8.3
Invocations    | 1 2 3 4 5 6 7 8 9 |  9.1
Evocations     | 1 2 3 4 5 6 7 8 |  8.3
Hexes          | 1 2 3 4 5 6 |  6.9
Charms         | 1 2 3 4 5 6 |  6.9
Summonings     | 1 2 3 4 5 6 |  6.9
Necromancy     | 1 2 3 4 5 6 |  6.9
Translocations | 1 2 3 4 5 6 |  6.9
Transmutations | 1 2 3 4 5 6 |  6.9
Fire Magic     | 1 2 3 4 5 6 |  6.9
Ice Magic      | 1 2 3 4 5 6 |  6.9
Air Magic      | 1 2 3 4 5 6 |  6.9
Earth Magic    | 1 2 3 4 5 6 |  6.9
Poison Magic   | 1 2 3 4 5 6 |  6.9
Dodging        | 5 6 7 8 9 |  9.5
Stealth        | 5 6 7 8 9 |  9.3
Conjurations   | 8 9 |  9.9

Action                   |  1- 3 |  4- 6 |  7- 9 | 10-12 | 13-15 || total
-------------------------+-------+-------+-------+-------+-------++-------
Melee: Spear             |    27 |    37 |    54 |       |       ||   118
       Bite              |     2 |     1 |    26 |    63 |    15 ||   107
       Hand axe          |       |       |   164 |   511 |   124 ||   799
       Punch             |       |       |     3 |    13 |     9 ||    25
 Cast: Magic Dart        |    18 |    26 |   125 |   138 |    22 ||   329
       Searing Ray       |     1 |     7 |    60 |    23 |     7 ||    98
       Animate Skeleton  |       |       |    14 |    11 |       ||    25
       Fulminant Prism   |       |       |     1 |    28 |       ||    29
       Poisonous Vapours |       |       |       |    14 |       ||    14
       Ignite Poison     |       |       |       |    17 |     3 ||    20
       Mephitic Cloud    |       |       |       |     5 |       ||     5
       Iskenderun's Myst |       |       |       |     5 |     5 ||    10
Invok: Curse Item        |       |       |     4 |     2 |       ||     6
Evoke: Wand              |       |       |     1 |       |       ||     1
  Use: Scroll            |       |     2 |    10 |    21 |     3 ||    36
 Stab: Sleeping          |     2 |     1 |     5 |     5 |     2 ||    15
       Confused          |       |       |       |     3 |       ||     3
       Distracted        |       |       |       |       |     1 ||     1
  Eat: Chunk             |       |     3 |    18 |    19 |     6 ||    46
       Ration            |       |       |       |     4 |     1 ||     5
Armor: Robe              |     2 |     4 |       |       |       ||     6
       Leather armour    |       |    10 |     5 |       |       ||    15
       Scale mail        |       |       |   157 |   316 |   134 ||   607
Dodge: Dodged            |    13 |    27 |   184 |   509 |   151 ||   884

Table legend:
 A = Non-vault XP
 B = Vault XP
 C = Vault XP percentage of total XP
 D = Non-vault monster count
 E = Vault monster count
 F = Vault count percentage of total count
                 A         B        C        D         E       F
            +---------+---------+-------+---------+---------+-------
      Total |   28678 |   16402 |  36.4 |     335 |     158 |  32.0
            +---------+---------+-------+---------+---------+-------
        D:1 |      49 |       0 |   0.0 |      19 |       0 |   0.0
        D:2 |     221 |      37 |  14.3 |      18 |       1 |   5.3
        D:3 |     182 |     391 |  68.2 |      37 |      18 |  32.7
        D:4 |     416 |       0 |   0.0 |      14 |       0 |   0.0
        D:5 |     507 |       0 |   0.0 |      20 |       0 |   0.0
        D:6 |     932 |     152 |  14.0 |      28 |       6 |  17.6
        D:7 |    1266 |     443 |  25.9 |      26 |       6 |  18.8
        D:8 |     997 |    1784 |  64.1 |      17 |      11 |  39.3
        D:9 |    2369 |       0 |   0.0 |      37 |       0 |   0.0
       D:10 |    2548 |       0 |   0.0 |      35 |       0 |   0.0
       D:11 |    4256 |    1902 |  30.9 |      30 |      27 |  47.4
     Lair:1 |    1071 |       0 |   0.0 |       5 |       0 |   0.0
     Lair:2 |    5819 |    1392 |  19.3 |      22 |       6 |  21.4
     Lair:3 |    5053 |    2642 |  34.3 |      21 |      18 |  46.2
     Lair:4 |    1998 |    6873 |  77.5 |       5 |      21 |  80.8
     Lair:5 |     994 |       0 |   0.0 |       1 |       0 |   0.0
      Sewer |       0 |     598 | 100.0 |       0 |      28 | 100.0
    Ossuary |       0 |     188 | 100.0 |       0 |      16 | 100.0
            +---------+---------+-------+---------+---------+-------
